[Event "Early-Titled-Tuesday-Blitz-April-02-2024"]
[Site "Chess.com"]
[Date "2024.04.02"]
[Round "10"]
[White "tk22h"]
[Black "Vesper2018"]
[Result "0-1"]
[WhiteElo "2396"]
[BlackElo "2570"]
[TimeControl "180+1"]
[EndTime "9:56:38 PDT"]
[Termination "Vesper2018 won by resignation"]

1. c4 e5 2. Nc3 d6 3. Nf3 f5 4. d4 e4 5. Ng5 Be7 6. Nh3 Be6 7. Nf4 Bf7 8. h4 Bxh4 9. g3 Be7 10. d5 Nd7 11. Bh3 g6 12. g4 Nh6 13.
Ne6 Bxe6 14. dxe6 Ne5 15. Bxh6 Bg5 16. Bg7 Nxc4 17. Bxh8 c6 18. gxf5 Bd2+ 19. Kf1 e3 20. b3 Qh4 21. Rh2 Qf4 22. Rg2 Qh4 23. Rg3 exf2 24.
Kxf2 Bf4 25. Ne4 Bxg3+ 26. Nxg3 Qf4+ 27. Kg2 Ne3+ 28. Kh2 Qf2+ 29. Kh1 Nxd1 30. Rxd1 Qxg3 31. Bg2 Ke7 32. Bd4 gxf5 33. Bg1 Rg8 34. Bf3 Qh3+ 35. Bh2 d5 36. Rg1 Rxg1+ 37. Kxg1 Kxe6 38. Bf4 c5 39. Kf2 c4 40. bxc4 dxc4 41. Bxb7 c3 42. Bf3 c2 43. Bd2 Qh4+ 44. Ke3 Qg5+ 45. Kd3 c1=Q 46. Bxc1 Qxc1 0-1

[Event "Early-Titled-Tuesday-Blitz-April-02-2024"]
[Site "Chess.com"]
[Date "2024.04.02"]
[Round "10"]
[White "David_George21"]
[Black "tortorchess"]
[Result "0-1"]
[WhiteElo "2337"]
[BlackElo "2231"]
[TimeControl "180+1"]
[EndTime "9:56:38 PDT"]
[Termination "tortorchess won by checkmate"]

1. e4 c5 2. Nf3 Nc6 3. Bb5 e6 4.
Bxc6 bxc6 5. O-O Ne7 6. d3 Ng6 7. e5 Be7 8. Nbd2 O-O 9. b3 f6 10. exf6 Bxf6 11. Rb1 d5 12. Bb2 e5 13. Re1 Re8 14. Nf1 Qd6 15. Ng3 Bd7 16. Ba3 Re7 17.
Qd2 a5 18. Qe3 d4 19. Qd2 Bg4 20. Ne4 Qe6 21. Nxc5 Qd6 22. Qc1 Bxf3 23. Ne4 Qe6 24. Bxe7 Qg4 25. Ng3 Bxg2 26. Bxf6 gxf6 27. Qh6 Nh4 28.
Qxf6 Rf8 29. Qxe5 Nf3+ 30. Kxg2 Nxe5 31. Rxe5 Qf3+ 32. Kh3 Rf6 33. Rg5+ Kf7 34. Rh5 h6 35. Rf1 Rf4 36. Re1 Qg4+ 37. Kg2 Qf3+ 38. Kh3 Qxf2 39. Ree5 Rf3 40. Rxh6 Qf1+ 41. Kg4 Rf4+ 42. Kg5 Qf3 43. Rh7+ Kf8 44. Rh8+ Kg7 45. Rhe8 Qg4# 0-1

[Event "Early-Titled-Tuesday-Blitz-April-02-2024"]
[Site "Chess.com"]
[Date "2024.04.02"]
[Round "10"]
[White "AnaKuchava"]
[Black "Barbix1"]
[Result "1-0"]
[WhiteElo "2192"]
[BlackElo "2290"]
[TimeControl "180+1"]
[EndTime "9:56:38 PDT"]
[Termination "AnaKuchava won on time"]

1. d4 Nf6 2. Nf3 g6 3. c4 Bg7 4. Nc3 d5 5. Bg5 Ne4 6. Bf4 Nxc3 7. bxc3 O-O 8. e3 c5 9. cxd5 Qxd5 10. Be2 Nc6 11. O-O Bf5 12. Qa4 cxd4 13. cxd4 Rfc8 14. Rfc1 a5 15. Bc4 Qd7 16. Bb5 Be4 17. Ne5 Qf5 18.
f3 Bd5 19. Nxc6 Bxc6 20. Bxc6 bxc6 21. Rxc6 Rxc6 22. Qxc6 Rc8 23. Qb7 Rc2 24. Qxe7 Bf8 25. Qe4 Qc8 26. h4 Qc3 27. Rb1 Qd2 28. Qxc2 Qxc2 29.
Rb8 Kg7 30. Be5+ f6 31. Rb7+ Kg8 32. Bxf6 Qc1+ 33. Kh2 Qxe3 34. Be5 Qd2 35. Rb8 Kf7 36. Rb7+ Ke6 37. Rb6+ Kd5 38. Rb5+ Kc4 39. a4 1-0

[Event "Early-Titled-Tuesday-Blitz-April-02-2024"]
[Site "Chess.com"]
[Date "2024.04.02"]
[Round "10"]
[White "lilleper1"]
[Black "bascheyaro"]
[Result "1-0"]
[WhiteElo "2928"]
[BlackElo "2818"]
[TimeControl "180+1"]
[EndTime "9:56:39 PDT"]
[Termination "lilleper1 won by resignation"]

1. e4 e6 2. d4 d5 3. Nd2 c5 4. Ngf3 Nc6 5. exd5 exd5 6. Bb5 c4 7. O-O Bd6 8. Re1+ Ne7 9. b3 cxb3 10. axb3 O-O 11. c3 Bf5 12. Nh4 Be6 13. Bd3 Ng6 14. Nf5 Bc7 15. Nf1 Re8 16. Qf3 Nh4 17. Nxh4 Qxh4 18.
g3 Qh3 19. Ne3 Bg4 20. Qxd5 Rad8 21. Qg2 Ne5 22. dxe5 Rxd3 23. Nxg4 Qxg4 24. Be3 Qc8 25. Bd4 Bb6 26. Qe4 Rd2 27. Bxb6 axb6 28. Qe3 Rb2 29. c4 Qc5 30. Qxc5 bxc5 31. Re3 f6 32. e6 Rd2 33. Ra7 Rd6 34. Rxb7 Rexe6 35. Rxe6 Rxe6 36.
Rb5 Re1+ 37. Kg2 Rb1 38. h4 Kf7 39. h5 Ke6 40. Rxc5 Rxb3 41. Rc7 Rc3 42. Rxg7 Rxc4 43.
Rxh7 Kf5 44. Rg7 Ke6 45. h6 Rc8 46. h7 Rh8 47. g4 f5 48. g5 1-0

[Event "Early-Titled-Tuesday-Blitz-April-02-2024"]
[Site "Chess.com"]
[Date "2024.04.02"]
[Round "10"]
[White "KetiTsatsalashvili"]
[Black "Felix-Rose"]
[Result "1-0"]
[WhiteElo "2432"]
[BlackElo "2317"]
[TimeControl "180+1"]
[EndTime "9:56:39 PDT"]
[Termination "KetiTsatsalashvili won on time"]

1. d4 d5 2. Nf3 Nf6 3. c4 e6 4. Bg5 Be7 5. e3 Nbd7 6. Nc3 h6 7. Bh4 O-O 8. Rc1 c5 9. Bd3 cxd4 10. exd4 dxc4 11.
Bxc4 Nb6 12. Bd3 Bd7 13. Ne5 Bc6 14. O-O Rc8 15. Re1 Nbd5 16. Nxc6 Rxc6 17. Nxd5 Nxd5 18. Rxc6 bxc6 19. Bg3 Bf6 20. Be5 Qb6 21. Qe2 Bxe5 22. Qe4 Nf6 23. Qxe5 Qxb2 24. Bc4 Rd8 25. Rd1 Ng4 26.
Qf4 Nf6 27. Bb3 c5 28. dxc5 Rxd1+ 29. Bxd1 Qxa2 30. h3 Qb1 31. Qd2 Nd5 32. Kh2 Qb8+ 33. g3 Qc7 34. Qd4 a5 35. Bc2 g6 36. Be4 Nb4 37.
c6 h5 38. Qd7 Na6 39. Bd3 1-0

[Event "Early-Titled-Tuesday-Blitz-April-02-2024"]
[Site "Chess.com"]
[Date "2024.04.02"]
[Round "10"]
[White "Anton_Demchenko"]
[Black "Harry_Rakkel"]
[Result "1-0"]
[WhiteElo "2965"]
[BlackElo "2730"]
[TimeControl "180+1"]
[EndTime "9:56:40 PDT"]
[Termination "Anton_Demchenko won on time"]

1. e4 c6 2. d4 d5 3. e5 Bf5 4. Bd3 Bxd3 5. Qxd3 e6 6. c3 Ne7 7. Ne2 a5 8. O-O a4 9. Na3 Nd7 10. Bd2 b5 11. Nc2 Nf5 12. Ne3 Nh4 13. Kh1 g6 14. b3 Be7 15. Nf4 Bg5 16. Nh3 Be7 17. Rab1 axb3 18.
axb3 O-O 19. g3 Nf5 20. Nxf5 exf5 21. e6 fxe6 22. Qe2 e5 23. dxe5 Nc5 24. Bh6 Re8 25. f3 Ra3 26. Qc2 Qa8 27. Nf2 Rd8 28. Bc1 Ra2 29.
Rb2 Rxb2 30. Bxb2 Ne6 31. b4 c5 32. bxc5 Bxc5 33. Nd3 Qc6 34. Kg2 Rc8 35. Qb3 Bf8 36. Ra1 h5 37. h4 Bg7 38. Nb4 Qe8 39. Qxd5 Rd8 40. Qb3 Rd2+ 41. Kf1 Kh7 42. Re1 Qa8 43. Re3 1-0

[Event "Early-Titled-Tuesday-Blitz-April-02-2024"]
[Site "Chess.com"]
[Date "2024.04.02"]
[Round "10"]
[White "Actuary44"]
[Black "NikitaShnadrygin"]
[Result "1-0"]
[WhiteElo "2528"]
[BlackElo "2654"]
[TimeControl "180+1"]
[EndTime "9:56:43 PDT"]
[Termination "Actuary44 won on time"]

1. e4 c5 2. d4 cxd4 3. c3 dxc3 4. Nxc3 Nc6 5. f4 e6 6. Nf3 d5 7. e5 Bc5 8. Bd3 Nge7 9. Qe2 a6 10. Bd2 b5 11.
O-O-O Qb6 12. Kb1 Bb7 13. Rc1 Nd4 14. Nxd4 Bxd4 15. Rhd1 Rc8 16. g4 Nc6 17. f5 Nxe5 18.
fxe6 fxe6 19. Bc2 O-O 20. Be1 Nc4 21. Qd3 Be5 22. Qxh7+ Kf7 23. Bh4 Ke8 24. Re1 Qd4 25. Rxe5 Qxe5 26. Bg3 Qf6 27. g5 Qxg5 28. Re1 Kd7 29.
Qh3 Rce8 30. Bh4 Qh6 31. Qg3 d4 32. Bg5 Qh5 33. Rd1 e5 34. Ne4 Bxe4 35. Bxe4 Kc8 36. Qb3 Qf7 37. Bd3 Qd7 38. Rc1 Qc6 39. Qc2 Kb7 40. Be4 Kb6 41. Bxc6 Kxc6 42. b3 1-0

[Event "Early-Titled-Tuesday-Blitz-April-02-2024"]
[Site "Chess.com"]
[Date "2024.04.02"]
[Round "10"]
[White "chess_sharparchitect"]
[Black "Laico"]
[Result "1/2-1/2"]
[WhiteElo "2282"]
[BlackElo "2391"]
[TimeControl "180+1"]
[EndTime "9:56:44 PDT"]
[Termination "Game drawn by repetition"]

1. c4 e5 2. Nc3 Nc6 3. g3 f5 4. Bg2 Nf6 5. e3 Bb4 6. Nge2 O-O 7. d4 d6 8. d5 Ne7 9. a3 Bxc3+ 10.
Nxc3 Ng6 11. Bd2 f4 12. e4 Ng4 13. f3 Nxh2 14. Rxh2 fxg3 15. Rh1 Qf6 16. Qe2 Nh4 17. O-O-O Nxg2 18. Qxg2 Qxf3 19. Qxf3 Rxf3 20. Rdg1 Bg4 21. Ne2 Rd3 22. Nxg3 Rd4 23. b3 Rf8 24. Rh2 Rf3 25. Kc2 Rdd3 26. Nh5 Bxh5 27. Rxh5 Rxb3 28. Bb4 a5 29.
Bxa5 Rxa3 30. Bxc7 Ra2+ 31. Kb1 Rfa3 32. Rhg5 Ra1+ 33. Kc2 R1a2+ 34. Kd1 Ra1+ 35. Ke2 R1a2+ 36. Kf1 Ra1+ 37. Kg2 R1a2+ 38. Kf1 Ra1+ 39. Ke2 R1a2+ 40.
Ke1 Ra1+ 41. Kd2 R1a2+ 42. Kc1 Ra1+ 43. Kb2 R1a2+ 44. Kb1 Ra1+ 45. Kc2 R1a2+ 46. Kc1 Ra1+ 47. Kd2 R1a2+ 48. Kd1 Ra1+ 49. Ke2 1/2-1/2

[Event "Early-Titled-Tuesday-Blitz-April-02-2024"]
[Site "Chess.com"]
[Date "2024.04.02"]
[Round "10"]
[White "zmarian"]
[Black "SaiHanThiha"]
[Result "1-0"]
[WhiteElo "2350"]
[BlackElo "2594"]
[TimeControl "180+1"]
[EndTime "9:56:44 PDT"]
[Termination "zmarian won on time"]

1. d4 Nf6 2. c4 g6 3. g3 Bg7 4. Bg2 O-O 5. e4 c5 6. d5 e6 7. Ne2 exd5 8. exd5 d6 9. Nbc3 Re8 10. O-O Bf5 11.
h3 Ne4 12. Nxe4 Bxe4 13. Bxe4 Rxe4 14. Qd3 Qe8 15. Nf4 Rd4 16. Qc2 Qe4 17. Qb3 Nd7 18. Qxb7 Nb6 19. Be3 Rxc4 20. a4 Rb4 21. a5 Re8 22. axb6 axb6 23. Ra8 Rxb2 24. Rxe8+ Qxe8 25. Qc6 Qd8 26. Ra1 Bf8 27. Ra8 Qe7 28. Re8 Rb1+ 29.
Kh2 Qf6 30. Qc8 Qg7 31. Bd2 Rb2 32. Bc3 Rxf2+ 33. Kg1 Qxc3 34. Rxf8+ Kg7 35. Kxf2 Qd4+ 36. Kg2 Qd2+ 37. Kf3 Qd1+ 38. Ke3 Qd4+ 39. Ke2 Qe4+ 40. Kf2 Qd4+ 41. Kg2 Qd2+ 42. Kh1 Qd1+ 43. Kh2 Qd2+ 44. Ng2 h5 45. Rg8+ Kf6 46. Qd8+ Kf5 47. Qxd6 h4 48.
Qf4+ Qxf4 49. Nxf4 g5 50. Nd3 c4 51. Nb4 b5 52. Rb8 1-0

[Event "Early-Titled-Tuesday-Blitz-April-02-2024"]
[Site "Chess.com"]
[Date "2024.04.02"]
[Round "10"]
[White "Licancabur"]
[Black "Refrigerator1955"]
[Result "1/2-1/2"]
[WhiteElo "2468"]
[BlackElo "2006"]
[TimeControl "180+1"]
[EndTime "9:56:45 PDT"]
[Termination "Game drawn - insufficient material"]

1. Nf3 d5 2. b3 Nf6 3. Bb2 g6 4. e3 Bg7 5. d4 O-O 6. Nbd2 b6 7. Bd3 Bb7 8. c4 e6 9. Rc1 Nbd7 10.
O-O c5 11. Qe2 Rc8 12. e4 dxe4 13. Nxe4 Nxe4 14. Bxe4 Bxe4 15. Qxe4 cxd4 16. Nxd4 Nc5 17. Qe3 Qh4 18. Rcd1 Rfd8 19. Nf3 Qh6 20. Qxh6 Bxh6 21.
Bf6 Rxd1 22. Rxd1 Bg7 23. Bxg7 Kxg7 24. Nd4 a6 25. Kf1 Kf6 26. Ke2 Ne4 27. Rd3 b5 28. cxb5 axb5 29. Nxb5 Rc2+ 30. Ke3 Nxf2 31. Rd2 Ng4+ 32. Ke2 Rxd2+ 33. Kxd2 Nxh2 34. a4 Ke5 35. a5 Kd5 36. a6 Kc6 37. b4 Ng4 38.
Kd3 Ne5+ 39. Ke4 Nd7 40. Nd4+ Kb6 41. b5 f5+ 42. Ke3 e5 43. Nc6 Kxb5 44. a7 Nb6 45.
Nxe5 Na8 46. Kf4 Kc5 47. Kg5 Kd5 48. Nd7 Ke4 49. Nf8 f4 50. Kg4 h5+ 51. Kh4 f3 52. gxf3+ Kxf3 53. Nxg6 Ke4 54. Kxh5 Kd5 55. Ne7+ Kd6 56.
Nc8+ Kc7 57. Ne7 Kb7 58. Nd5 Kxa7 1/2-1/2

[Event "Early-Titled-Tuesday-Blitz-April-02-2024"]
[Site "Chess.com"]
[Date "2024.04.02"]
[Round "10"]
[White "Polish_fighter3000"]
[Black "shimastream"]
[Result "1-0"]
[WhiteElo "3149"]
[BlackElo "3008"]
[TimeControl "180+1"]
[EndTime "9:56:46 PDT"]
[Termination "Polish_fighter3000 won by checkmate"]

1. e4 b6 2. d4 Bb7 3. Bd3 e6 4. Nf3 c5 5. c3 Nf6 6. Qe2 d5 7. e5 Nfd7 8. O-O Be7 9. Rd1 Nc6 10.
a3 g5 11. Be3 h5 12. b4 g4 13. Ne1 Qc7 14. bxc5 bxc5 15. a4 c4 16. Bc2 O-O-O 17. Bc1 Rde8 18. Ba3 f6 19. Bxe7 Rxe7 20. exf6 Nxf6 21.
Na3 a6 22. Qe3 h4 23. Qg5 Rf7 24. Rd2 e5 25. dxe5 Nxe5 26. Re2 Ne4 27. Bxe4 dxe4 28. Nac2 h3 29. g3 e3 30. Rxe3 Qc6 31. f3 Rxf3 32. Qxe5 Rxe3 33. Nxe3 Qh1+ 34. Kf2 Qxh2+ 35. Kf1 Rf8+ 36.
Nf5 Bg2+ 37. Ke2 Bf3+ 38. Ke3 Qe2+ 39. Kd4 Rd8+ 40. Nd6+ Kc7 41. Nxf3 gxf3 42. Qc5+ Kd7 43. Qd5 Qd3+ 44. Kc5 f2 45. Qf7# 1-0

[Event "Early-Titled-Tuesday-Blitz-April-02-2024"]
[Site "Chess.com"]
[Date "2024.04.02"]
[Round "10"]
[White "xasid81"]
[Black "ccccvhhhj"]
[Result "1-0"]
[WhiteElo "2624"]
[BlackElo "2434"]
[TimeControl "180+1"]
[EndTime "9:56:46 PDT"]
[Termination "xasid81 won by checkmate"]

1. b4 e6 2. Bb2 Nf6 3. a3 d5 4. e3 Nbd7 5. Nf3 Bd6 6. d4 c6 7. c4 Qe7 8. Nc3 O-O 9. Be2 Ne4 10.
Nxe4 dxe4 11. Nd2 f5 12. Qc2 Kh8 13. h4 e5 14. O-O-O exd4 15. Bxd4 Be5 16. Nb3 Bxd4 17. Nxd4 Ne5 18. h5 h6 19. Qc3 a5 20. b5 a4 21.
bxc6 bxc6 22. f4 exf3 23. gxf3 Ba6 24. Rhg1 c5 25. Nb5 Bxb5 26. cxb5 c4 27. f4 Nd3+ 28.
Kb1 Rab8 29. Rg6 Rxb5+ 30. Ka1 Rb3 31. Rxh6+ Kg8 32. Qxc4+ Qf7 33. Qxf7+ Kxf7 34. Bxd3 Rxa3+ 35. Kb2 Rb3+ 36. Ka2 Rxd3 37. Rxd3 gxh6 38. Rd7+ Kf6 39. Rd6+ Kg7 40. Rg6+ Kh7 41. Re6 Rc8 42. Ka3 Rc4 43. Re5 Kg7 44. Kb2 Kf6 45. Re8 Rb4+ 46. Ka3 Rc4 47.
Re5 Rc3+ 48. Kxa4 Rc1 49. Rb5 Rh1 50. Rb6+ Kg7 51. Rg6+ Kh7 52. Re6 Rxh5 53. Kb5 Kg7 54. Kc5 Rh1 55. Kd6 h5 56. Ke5 h4 57. Kxf5 h3 58. Rg6+ Kh7 59. Rg3 h2 60. Rh3+ Kg7 61.
e4 Kf7 62. e5 Ke7 63. Rh7+ Kf8 64. Kf6 Kg8 65. Rh4 Rf1 66. Rxh2 Rxf4+ 67. Ke7 Ra4 68. Rg2+ Kh7 69. e6 Ra7+ 70. Kf6 Ra6 71. Kf7 Ra1 72. Rh2# 1-0

[Event "Early-Titled-Tuesday-Blitz-April-02-2024"]
[Site "Chess.com"]
[Date "2024.04.02"]
[Round "10"]
[White "abelmat"]
[Black "Boxerandchessplayer"]
[Result "0-1"]
[WhiteElo "2120"]
[BlackElo "2218"]
[TimeControl "180+1"]
[EndTime "9:56:47 PDT"]
[Termination "Boxerandchessplayer won on time"]

1. d4 d5 2. c4 e6 3. Nf3 c6 4.
Nc3 Nf6 5. e3 Nbd7 6. Bd3 dxc4 7.
Bxc4 b5 8. Bd3 Bb7 9. e4 a6 10.
O-O c5 11. d5 e5 12. a4 c4 13. Bc2 b4 14. Ne2 Bc5 15. Bg5 O-O 16. Ng3 h6 17. Bxf6 Qxf6 18. Nf5 a5 19. h3 Rfe8 20. Nh2 Bf8 21. Qg4 Nc5 22. Rad1 Bc8 23. Qe2 Ba6 24. Ng4 Qb6 25. Qf3 c3 26. Rfe1 b3 27. Bxb3 Qxb3 28.
bxc3 Nxa4 29. Qg3 Kh7 30. Qh4 Nxc3 31. Ngxh6 gxh6 32. Qf6 Ra7 33. Rc1 Ne2+ 34. Rxe2 Bxe2 35. Rc6 Qb1+ 36. Kh2 Qxe4 0-1

[Event "Early-Titled-Tuesday-Blitz-April-02-2024"]
[Site "Chess.com"]
[Date "2024.04.02"]
[Round "10"]
[White "ChainedDowntohell"]
[Black "Meri-Arabidze"]
[Result "0-1"]
[WhiteElo "2573"]
[BlackElo "2696"]
[TimeControl "180+1"]
[EndTime "9:56:50 PDT"]
[Termination "Meri-Arabidze won on time"]

1. d4 Nf6 2. c4 e6 3. Nc3 Bb4 4. Qc2 O-O 5. Nf3 b6 6. Bg5 Bb7 7. e3 h6 8. Bh4 d6 9. Bd3 Nbd7 10. O-O-O Bxc3 11. Qxc3 c5 12. dxc5 Nxc5 13. Bc2 Rc8 14. Qd4 d5 15. Kb1 dxc4 16. Qxc4 Qe7 17. Qf4 Rfd8 18.
Ne5 Rxd1+ 19. Rxd1 Rd8 20. Rxd8+ Qxd8 21. Ng4 Ncd7 22. Qd6 Qf8 23. Qc7 Bxg2 24. Nxf6+ Nxf6 25. Qg3 Qb4 26. f3 g5 27. Bxg5 hxg5 28. a3 Qh4 29. Qxg2 Nd5 30. Qd2 Kg7 31. Bd1 Qh5 32. f4 Qh6 33. fxg5 Qxg5 34. Bc2 Qf6 35. e4 Nf4 36. Qe3 e5 37. Qg3+ Qg6 38. Qf3 Qf6 39. Ka2 Qg6 40. Bb3 Qg2 41. Qc3 Qxh2 42. Qxe5+ Kg6 43. Qf5+ Kh6 44.
Qxf7 Qg3 45. Qf6+ Kh5 0-1

[Event "Early-Titled-Tuesday-Blitz-April-02-2024"]
[Site "Chess.com"]
[Date "2024.04.02"]
[Round "10"]
[White "Zhigalko_Sergei"]
[Black "Rud_Makarian"]
[Result "0-1"]
[WhiteElo "2891"]
[BlackElo "3034"]
[TimeControl "180+1"]
[EndTime "9:56:51 PDT"]
[Termination "Rud_Makarian won on time"]

1. e4 c5 2. Nf3 d6 3. d4 cxd4 4.
Qxd4 Nf6 5. Nc3 Nc6 6. Bb5 Bd7 7. Bxc6 Bxc6 8. Bg5 e6 9. O-O-O Be7 10. Rhe1 O-O 11. Kb1 a6 12. Qd2 b5 13. Nd4 Bb7 14. Bxf6 Bxf6 15.
f3 Rc8 16. g4 Qb6 17. g5 Be7 18. h4 Rc5 19. f4 Rfc8 20. h5 Rc4 21. g6 Qc7 22.
gxf7+ Kxf7 23. f5 Bf6 24. Nxe6 Qe7 25. Qxd6 b4 26. Qxe7+ Kxe7 27. Nd5+ Bxd5 28. exd5 Kd6 29. Re2 Rh4 30. a3 bxa3 31. b3 Rxh5 32. Ka2 Rxf5 33.
c4 h5 34. c5+ Kd7 35. d6 h4 36. b4 a5 37. Nxg7 Bxg7 38. Re7+ Kc6 39. Rxg7 axb4 40. d7 Rd8 41. Kb3 Kxc5 42. Re7 Rf3+ 43. Ka2 Rf2+ 44. Ka1 b3 45. Rc1+ Kd6 0-1

[Event "Early-Titled-Tuesday-Blitz-April-02-2024"]
[Site "Chess.com"]
[Date "2024.04.02"]
[Round "10"]
[White "ChessFighter_2011"]
[Black "MyDream003"]
[Result "0-1"]
[WhiteElo "2912"]
[BlackElo "2862"]
[TimeControl "180+1"]
[EndTime "9:56:51 PDT"]
[Termination "MyDream003 won on time"]

1. e4 c6 2. d4 d5 3. e5 Bf5 4.
g4 Bd7 5. Nc3 e6 6. Be3 Ne7 7. Qd2 h5 8. gxh5 Rxh5 9. O-O-O Nf5 10. Nge2 c5 11. f4 Nc6 12. Bf2 Ncxd4 13. Nxd4 Nxd4 14. Be2 Nxe2+ 15. Nxe2 d4 16. Ng3 Rh3 17. Qe2 Bc6 18. Rhe1 Qd5 19. Kb1 Qf3 20. Qxf3 Bxf3 21. Rd3 Bd5 22. Bg1 Be7 23. c3 dxc3 24. Rxc3 c4 25. a3 b5 26. Rd1 g6 27. Ka1 a5 28.
Re3 b4 29. f5 Bc5 30. fxg6 fxg6 31. Re2 Be7 32. Re3 bxa3 33. bxa3 Rb8 34. Rc3 Rb3 35. Rxb3 cxb3 36. Kb2 Rh4 37. Rd4 Rxd4 38. Bxd4 Kd7 39. a4 Kc6 40. Ne2 Bc4 41. Nf4 g5 42. Ng6 Bb4 0-1

[Event "Early-Titled-Tuesday-Blitz-April-02-2024"]
[Site "Chess.com"]
[Date "2024.04.02"]
[Round "10"]
[White "maurovargas01"]
[Black "C_K_G"]
[Result "1-0"]
[WhiteElo "1868"]
[BlackElo "2246"]
[TimeControl "180+1"]
[EndTime "9:56:51 PDT"]
[Termination "maurovargas01 won on time"]

1. b3 d5 2. Bb2 e6 3. Nf3 Nf6 4. e3 Bd6 5. Be2 c5 6. d3 O-O 7.
Nbd2 Nc6 8. O-O a6 9. a3 e5 10. h3 Re8 11. e4 d4 12. Nh2 b5 13. Ng4 Nxg4 14. Bxg4 Qg5 15. Bxc8 Raxc8 16. Nf3 Qh6 17. Bc1 Qg6 18. Nh4 Qf6 19. Nf5 Bf8 20. Qg4 Kh8 21.
Ng3 Qe6 22. Qh4 Ne7 23. f4 Ng6 24. Qh5 exf4 25. Bxf4 c4 26. Bg5 cxd3 27. cxd3 Qxb3 28.
Rf3 f6 29. Bxf6 gxf6 30. Rxf6 Re6 31. Raf1 Bg7 32. Rf7 Qxd3 33. Nf5 Rg8 34. Nxg7 Rxg7 35.
Qf5 Qxe4 36. Rf8+ Rg8 37. Rxg8+ Kxg8 38. Qf7+ Kh8 39. h4 Qe3+ 40. Kh1 1-0

[Event "Early-Titled-Tuesday-Blitz-April-02-2024"]
[Site "Chess.com"]
[Date "2024.04.02"]
[Round "10"]
[White "MarijaKuznecova"]
[Black "Shahdad2007"]
[Result "0-1"]
[WhiteElo "2422"]
[BlackElo "2577"]
[TimeControl "180+1"]
[EndTime "9:56:52 PDT"]
[Termination "Shahdad2007 won on time"]

1. e4 c5 2. Nf3 e6 3. d4 cxd4 4. Nxd4 Nc6 5. Nc3 Qc7 6. g3 a6 7. Bg2 h5 8. h3 h4 9. g4 Bc5 10. Be3 Ne5 11. Qe2 b5 12. O-O-O Bb7 13. Bf4 d6 14. Nb3 Ne7 15. Be3 N7g6 16. f4 Nc4 17. Nxc5 dxc5 18. f5 Nf4 19. Bxf4 Qxf4+ 20. Kb1 O-O 21. Rhf1 Qe5 22. f6 g5 23. Rd3 Bc6 24. Rdf3 Rfd8 25. Rf5 exf5 26. Rxf5 Qh2 27. Rxg5+ Kf8 28.
Rh5 Ke8 29. b3 Qg1+ 30. Bf1 Qxf1+ 31. Qxf1 Nd2+ 32. Kb2 Nxf1 33. Rxc5 Rac8 34. Re5+ Kd7 35. Re7+ Kd6 36. b4 Ba8 37. e5+ Kc6 38. Rxf7 Ne3 39.
e6 Re8 40. e7 Kd6 41. g5 Ke6 42. g6 Nf5 43. Ne2 Be4 44. Nf4+ Ke5 45. Nh5 Rxc2+ 46. Kb3 Nd4+ 47. Ka3 Bd5 0-1

[Event "Early-Titled-Tuesday-Blitz-April-02-2024"]
[Site "Chess.com"]
[Date "2024.04.02"]
[Round "10"]
[White "PavelShkapenko"]
[Black "ReadySkate"]
[Result "1-0"]
[WhiteElo "2717"]
[BlackElo "2608"]
[TimeControl "180+1"]
[EndTime "9:56:54 PDT"]
[Termination "PavelShkapenko won by checkmate"]

1. e4 c5 2. Nc3 d6 3. g3 Nc6 4. Bg2 e6 5. d3 Nf6 6. Nge2 Be7 7. O-O O-O 8. h3 Re8 9. f4 d5 10. e5 Nd7 11. g4 f6 12. exf6 Nxf6 13. g5 Nd7 14.
Ng3 Nf8 15. h4 Nd4 16. Nce2 Nxe2+ 17. Qxe2 Bd6 18. h5 Bd7 19. Bd2 Bc6 20. Qg4 Qd7 21.
f5 exf5 22. Nxf5 Be5 23. c3 d4 24. c4 Bxg2 25. Nh6+ gxh6 26. Rxf8+ Kxf8 27. Qxd7 Bc6 28.
Qxh7 Re7 29. Qf5+ Kg8 30. Re1 Rf8 31. Qg6+ Kh8 32. Qxh6+ Kg8 33. Qg6+ Kh8 34. h6 Rg8 35. Qh5 Re6 36. Qh4 Rgg6 37. Bf4 Bxf4 38. Rxe6 Be3+ 39. Rxe3 dxe3 40. Qf4 e2 41. Kf2 Rg8 42. Kxe2 Be8 43. Kd2 Bg6 44. Qe5+ Kh7 45. Qxc5 Kh8 46. Qe5+ Kh7 47.
Qc7+ Kh8 48. Qxb7 Rd8 49. Qxa7 Rxd3+ 50. Ke2 Rd7 51. Qxd7 Bf7 52. Qe7 Kg8 53. Ke3 Kh8 54. Qf6+ Kg8 55. Qg7# 1-0

[Event "Early-Titled-Tuesday-Blitz-April-02-2024"]
[Site "Chess.com"]
[Date "2024.04.02"]
[Round "10"]
[White "Shuvalov"]
[Black "Al_Shima"]
[Result "1-0"]
[WhiteElo "2603"]
[BlackElo "2484"]
[TimeControl "180+1"]
[EndTime "9:56:54 PDT"]
[Termination "Shuvalov won on time"]

1. d4 Nf6 2. c4 e6 3. Nf3 d5 4. Nc3 Bb4 5. cxd5 exd5 6. Bg5 h6 7. Bh4 g5 8. Bg3 Ne4 9. Qc2 Bf5 10. Qb3 Nc6 11.
e3 a5 12. Bb5 O-O 13. O-O Bxc3 14. bxc3 Bg4 15. Qc2 Bf5 16. Bd3 Bg6 17. Rab1 b6 18. Nd2 Nxd2 19. Qxd2 Bxd3 20. Qxd3 Ne7 21. c4 c6 22.
cxd5 Nxd5 23. Rfc1 Rc8 24. a3 b5 25. e4 Nb6 26. d5 cxd5 27. Rxc8 Qxc8 28. Qxb5 Nc4 29. Qxd5 Rd8 30. Qf5 Qxf5 31. exf5 Nxa3 32. Rc1 Nc2 33. Kf1 Rd2 34. Bc7 a4 35. Ba5 Rd5 36. Bc3 Na3 37. Ra1 Nb5 38. Bb2 Rd2 39. Bc1 Rd1+ 40.
Ke2 Rd5 41. Bb2 Rc5 42. Kd3 Rxf5 43. Rxa4 Rxf2 44. Rb4 Nd6 45. g4 Rxh2 46. Rb8+ 1-0

[Event "Early-Titled-Tuesday-Blitz-April-02-2024"]
[Site "Chess.com"]
[Date "2024.04.02"]
[Round "10"]
[White "AccioChess"]
[Black "Irina_Mikhaylova"]
[Result "0-1"]
[WhiteElo "2443"]
[BlackElo "2355"]
[TimeControl "180+1"]
[EndTime "9:56:54 PDT"]
[Termination "Irina_Mikhaylova won on time"]

1. e4 c5 2. Nf3 Nc6 3. c3 d5 4.
exd5 Qxd5 5. d4 Bg4 6. dxc5 Qxc5 7.
Be3 Qa5 8. Nbd2 Bd7 9. Bc4 e6 10. O-O Nf6 11. Qe2 Be7 12. Rad1 O-O 13. Nb3 Qc7 14.
Nbd4 a6 15. Bb3 Rfd8 16. Rfe1 b5 17. h3 Rac8 18. Bg5 h6 19. Bh4 Nxd4 20. Nxd4 Nd5 21. Bxe7 Nxe7 22. Nf3 Bc6 23. Ne5 Bd5 24. Bc2 f6 25.
Ng4 Bc4 26. Qf3 Rxd1 27. Rxd1 Rd8 28. b3 Rxd1+ 29. Qxd1 Bd5 30. Qd3 Kf7 31. Ne3 Qe5 32. a4 Bc6 33. axb5 axb5 34. c4 bxc4 35. Nxc4 Qd5 36.
Qg3 Nf5 37. Bxf5 exf5 38. Ne3 Qe4 39. Qc7+ Kg6 40. Qc8 f4 41. Qg4+ Kh7 42. Qf5+ Qxf5 43. Nxf5 f3 44. Nd4 Bd5 45. gxf3 g5 46. b4 Kg6 47. b5 f5 48. b6 Kf6 0-1

[Event "Early-Titled-Tuesday-Blitz-April-02-2024"]
[Site "Chess.com"]
[Date "2024.04.02"]
[Round "10"]
[White "Orest_Vovk"]
[Black "Fengwi"]
[Result "1/2-1/2"]
[WhiteElo "2550"]
[BlackElo "2398"]
[TimeControl "180+1"]
[EndTime "9:56:55 PDT"]
[Termination "Game drawn - insufficient material"]

1. Nc3 d5 2. e4 d4 3. Nce2 e5 4.
Ng3 Be6 5. Nf3 f6 6. Nxe5 fxe5 7. Qh5+ Bf7 8. Qxe5+ Ne7 9. Nf5 Nd7 10. Nxg7+ Bxg7 11. Qxg7 Rg8 12. Qxh7 Nf6 13. Qh6 Nxe4 14. d3 Nd6 15. Bg5 Ndf5 16. Qf6 Rg6 17. Qxf5 Nxf5 18. Bxd8 Rxd8 19. Kd2 Nh4 20. Re1+ Kf8 21. Re5 Nxg2 22. h4 Nf4 23. h5 Rh6 24. Rf5 Ne6 25. Bg2 Ng7 26. Ra5 Rxh5 27. Rhxh5 Nxh5 28. Rxa7 Nf4 29. Bxb7 Bh5 30. Be4 c5 31. a4 Bf7 32. Rc7 Ne6 33. Rc6 Ke7 34. a5 Be8 35. Rb6 Ng5 36. Bb7 Bh5 37. f4 Nf3+ 38. Bxf3 Bxf3 39. f5 Ra8 40. f6+ Kf7 41. a6 Bd5 42. Rb5 Rxa6 43. Rxc5 Rd6 44. b4 Kxf6 45. b5 Ke5 46. Kc1 Rb6 47.
Kb2 Kd6 48. Rc8 Rxb5+ 49. Kc1 Bc6 50. Rd8+ Kc5 51. Kd2 Rb7 52. Rh8 Rg7 53. Kc1 Rg2 54. Kb2 Ba4 55. Rc8+ Kd6 56. Rc4 Bb5 57. Rxd4+ Kc5 58.
Rf4 Bxd3 59. Kc3 Bxc2 60. Rc4+ Kd5 61. Rd4+ Ke5 62. Rd8 Be4 63. Kb4 Kf4 64. Rf8+ Ke3 65. Kc4 Rc2+ 66. Kb3 Rc7 67. Rh8 Kd4 68. Rd8+ Bd5+ 69. Kb2 Rb7+ 70. Kc1 Rh7 71. Kb2 Rh2+ 72. Kc1 Kc3 73. Rxd5 Rh1+ 74. Rd1 Rxd1+ 75. Kxd1 1/2-1/2